cohdb
Replays
Latest Replays
All Replays
Popular Replays
Top Player Replays
Match Explorer
How It Works
Community
CoH3 Stats
Reddit
Sign in to upload your games and track your stats! →
Sign in with Steam
Match 20320200
Unlisted
Match 20320200
Overview
Messages
Build Orders
End
Construct Infanterie Kompanie
Selects Mechanized Battlegroup
Grenadier Squad
GrW 34 Mortar Team
Grenadier Squad
Construct Panzergrenadier Kompanie
Panzergrenadier Squad
Panzergrenadier Squad
251 Medium Carrier
Support Elements
Medical Station
Selects Raid Package
Nebelwerfer 42 Rocket Launcher Team
Selects StuG Assault Group
StuG III G Assault Gun
StuG Assault Group
Construct Panzer Kompanie
Selects UNKNOWN (2160084)
Selects Spotting Scopes
Selects Stoßtruppen Assault Package
Selects Zeroing Artillery Barrage
Zeroing Artillery Barrage
Panther Heavy Tank
Nebelwerfer 42 Rocket Launcher Team
Zeroing Artillery Barrage
Panzergrenadier Squad
Pioneer Squad
Panzergrenadier Squad
Panther Heavy Tank
Pioneer Squad
Panther Heavy Tank
Zeroing Artillery Barrage
GeneralTicktack
the_macbeth_
SneaKerz
gb_gbg
0
0
Comments
sign in to comment!
No comments posted yet!